 Dungeon Crawl Stone Soup version 0.31.0-32-g396128a36d (webtiles) character file.

Game seed: 11430567503011287456

170 Killerpretzel the Changeling (level 5, -2/35 HPs)
             Began as an Octopode Shapeshifter on Mar 8, 2024.
             Was an Initiate of Vehumet.
             Slain by a gnoll
             ... wielding a +0 spear
              (3 damage)
             ... on level 6 of the Dungeon.
             The game lasted 00:02:15 (1721 turns).

Killerpretzel the Changeling (OpSh)                 Turns: 1721, Time: 00:02:16

Health: -2/35      AC:  1    Str: 13    XL:     5   Next: 51%
Magic:  5/5        EV: 14    Int: 12    God:    Vehumet [......]
Gold:   89         SH:  0    Dex: 14    Spells: 4/4 levels left

rFire   . . .        j - +9 hand axe of the Turnip {freeze, rC- rN+ Will+}
rCold   x . .        (no shield)
rNeg    + . .        (helmet currently unavailable)
rPois   +            (no amulet)
rElec   .            f - ring of poison resistance
rCorr   .            (no ring)
SInv    .            (no ring)
Will    +....        (no ring)
Stlth   ++           (no ring)
HPRegen 0.25/turn    (no ring)
MPRegen 0.09/turn    (no ring)
                     (no ring)

%: no passive effects
@: beast-form
A: beast (slay +2), almost no armour, amphibious, 8 rings, camouflage 1,
gelatinous body 1, (nimble swimmer 1), tentacles
a: Begin Untransformation, Renounce Religion


You were on level 6 of the Dungeon.
You worshipped Vehumet.
Vehumet was noncommittal.
You were a hulking beast.
You visited 1 branch of the dungeon, and saw 4 of its levels.

You collected 89 gold pieces.

Inventory:

Hand Weapons
 j - the +9 hand axe of the Turnip (weapon) {freeze, rC- rN+ Will+}
   (You found it on level 2 of the Dungeon)

   rC-:       It makes you vulnerable to cold.
   rN+:       It protects you from negative energy.
   Will+:     It increases your willpower.
Missiles
 i - 2 poisoned darts
Jewellery
 f - a ring of poison resistance (left tentacle)
Talismans
 b - a beast talisman
 c - a flux talisman
Scrolls
 g - a scroll of amnesia
 h - a scroll of teleportation
 l - a scroll of revelation {unknown}
Potions
 a - a potion of lignification
 d - a potion of degeneration {unknown}
 e - 2 potions of curing {unknown}
 k - a potion of attraction {unknown}


   Skills:
 + Level 2.4 Fighting
 + Level 3.0 Dodging
 + Level 3.7 Unarmed Combat
 * Level 4.2 Shapeshifting


You had 4 spell levels left.
You didn't know any spells.
Your spell library was empty.

Dungeon Overview and Level Annotations

Branches:
Dungeon (3/15)

Altars:
Vehumet

Shops:
D:1 [


Innate Abilities, Weirdness & Mutations

You are a hulking beast.
Your limbs bulge with bestial killing power. (Slay +2)
You cannot wear most types of armour.
You are amphibious.
You can wear up to eight rings at the same time.
Your skin changes colour to match your surroundings (Stealth+).
Your rubbery body absorbs attacks. (AC +1, EV +1)
((You are camouflaged when in or above water. (Stealth+)))
You have tentacles for arms and can constrict up to eight enemies at once.


Message History

The gnoll barely misses you.
The gnoll shouts! x2
You hit the gnoll. You freeze the gnoll. Your grab misses the gnoll.
Your tentacle-slap misses the gnoll.
The gnoll is severely wounded.
You hear a shout!
A gnoll comes into view. It is wielding a +0 spear.
The gnoll hits you with a +0 club.
You hit the gnoll. You freeze the gnoll.
You kill the gnoll!
Vehumet accepts your kill. The gnoll misses you.
You see here a +0 club.
You barely miss the gnoll. You grab the gnoll. You squeeze the gnoll!
The gnoll is heavily wounded.
You constrict the gnoll, but do no damage.
The gnoll hits you from afar with a +0 halberd!
The gnoll hits you with a +0 club!
You hit the gnoll. You freeze the gnoll.
You kill the gnoll!
Vehumet accepts your kill. The gnoll closely misses you.
The gnoll hits you from afar with a +0 spear.
* * * LOW HITPOINT WARNING * * *
The gnoll hits you with a +0 halberd.
* * * LOW HITPOINT WARNING * * *
Things that are here:
a +0 club; a gnoll corpse You slash the gnoll!
You freeze the gnoll. You grab the gnoll.
Your tentacle-slap misses the gnoll.
The gnoll is almost dead.
You constrict the gnoll.
You kill the gnoll!
Vehumet accepts your kill.
The gnoll hits you from afar with a +0 spear.
* * * LOW HITPOINT WARNING * * *
The gnoll closely misses you.
Your Dodging skill increases to level 3!
The gnoll hits you with a +0 spear.
You die...

#.# #.# #.# #.#
#.################.#
#..............)>..#
#.####.#############
##...#############.
#...(....))hg......
##...#############.
##.## ###


You could see a gnoll.

Vanquished Creatures
  Terence (D:2)
  3 orc wizards (D:6)
  3 gnolls (D:6)
  A ribbon worm (D:2)
  A dart slug (D:2)
  2 orcs (D:6)
  2 bats (D:2)
  4 endoplasms
  5 goblins
  8 hobgoblins
  A ball python (D:2)
  2 kobolds
  2 rats
35 creatures vanquished.

Notes
Turn   | Place    | Note
-------+----------+-------------------------------------------
     0 | D:1      | Killerpretzel the Octopode Shapeshifter began the quest for
                  | the Orb.
     0 | D:1      | Reached XP level 1. HP: 13/13 MP: 1/1
   152 | D:1      | Reached XP level 2. HP: 18/18 MP: 2/2
   706 | D:1      | Found Laipai's Antique Armour Shop.
  1142 | D:2      | Found a radiant altar of Vehumet.
  1167 | D:2      | Became a worshipper of Vehumet
  1172 | D:2      | Reached XP level 3. HP: 22/23 MP: 3/3
  1255 | D:2      | Noticed Terence
  1262 | D:2      | Killed Terence
  1270 | D:2      | Reached XP level 4. HP: 17/29 MP: 4/4
  1332 | D:2      | Identified the +9 hand axe of the Turnip {freeze, rC- rN+
                  | Will+}
  1566 | D:3      | You fall into a shaft and drop 3 floors!
  1579 | D:6      | Noticed an orc warrior
  1620 | D:6      | Reached skill level 4 in Shapeshifting
  1620 | D:6      | Reached XP level 5. HP: 27/34 MP: 5/5
  1720 | D:6      | HP: 1/35 [gnoll/+0 spear (5)]
  1721 | D:6      | Slain by a gnoll

Illustrated notes

Levels and vault maps discovered:
D:1:      amcnicky_arrival_blooded_trapdoor, layout_loops_corners, serial_shops,
          shop, fountainhead, minmay_crystal_water
D:2:      layout_rooms, basic_altar, hangedman_abyss_or_decor_lesser_grid,
          st_stairs_12, uniq_terence
D:3:      layout_loops_cross, mainiacjoe_overflow_alcove_1,
          nicolae_overflow_ecumenical_swirl, nicolae_grassy_gnolls
D:6:      layout_loops_ring, nicolae_overflow_two_pavilions

Skill      XL: |  1  2  3  4  5 |
---------------+----------------+-----
Fighting       | 2 |  2.4
Shapeshifting  | 4 |  4.2
Dodging        | 3 |  3.0
Unarmed Combat | |  3.7

Action                     |  1- 3 |  4- 6 || total
---------------------------+-------+-------++-------
  Melee: Unarmed           |    39 |     4 ||    43
         Constrict         |     8 |     6 ||    14
         Tentacles         |     7 |     2 ||     9
         Hand axe          |       |    17 ||    17
  Throw: Stone             |    29 |       ||    29
         Dart              |     6 |       ||     6
    Use: Scroll            |     2 |     1 ||     3
   Stab: Sleeping          |       |     2 ||     2
 Armour: Skin              |    14 |    11 ||    25
  Dodge: Dodged            |    14 |    13 ||    27
